 Dungeon Crawl Stone Soup version 0.30-a0-166-g5d06c95188 (webtiles) character file.

Game seed: 6184103783973587115

268 qw the Chopper (level 6, 0/38 HPs)
             Began as a Gargoyle Fighter on Sept 28, 2022.
             Slain by a necrophage (3 damage)
             ... on level 4 of the Dungeon.
             The game lasted 00:01:10 (3638 turns).

qw the Chopper (Gargoyle Fighter)                   Turns: 3638, Time: 00:01:11

Health: 0/38       AC: 13    Str: 21    XL:     6   Next: 21%
Magic:  6/6        EV:  7    Int:  9    God:
Gold:   183        SH:  4    Dex:  9    Spells: 5/5 levels left

rFire   + . .      SeeInvis .    Y - +1 war axe
rCold   . . .      Faith    .    c - +0 buckler
rNeg    + . .      Spirit   .    a - +0 chain mail
rPois   inf        Reflect  .    (no helmet)
rElec   +          Harm     .    (no cloak)
rCorr   .          Rampage  .    (no gloves)
Will    .....      Clarity  +    (no boots)
Stlth   ..........               (no amulet)
HPRegen 0.12/turn                e - ring of protection from fire
MPRegen 0.10/turn                (no ring)

@: no status effects
A: sickness immunity, AC +4, negative energy resistance 1, electricity
resistance, torment resistance 1, petrification resistance, clarity, screaming 1
a: no special abilities


You were on level 4 of the Dungeon.
You visited 1 branch of the dungeon, and saw 4 of its levels.

You collected 183 gold pieces.


Innate Abilities, Weirdness & Mutations

You are immune to sickness and miasma.
Your stone body is resilient. (AC +4)
You are immune to poison.
You resist negative energy. (rN+)
You are resistant to electric shocks. (rElec)
You are resistant to unholy torment.
You are immune to petrification.
You possess an exceptional clarity of mind.
You occasionally shout uncontrollably at your foes.


   Skills:
 - Level 4.2 Fighting
 + Level 5.3 Axes
 - Level 3.2 Armour
 - Level 3.2 Shields


You had 5 spell levels left.
You didn't know any spells.
Your spell library was empty.

Inventory:

Hand Weapons
 k - a +0 flail
 Y - a +1 war axe (weapon)
Missiles
 n - 2 boomerangs (quivered)
Armour
 a - a +0 chain mail (worn)
 c - a +0 buckler (worn)
Jewellery
 e - a ring of protection from fire (left hand)
Scrolls
 i - a scroll of identify
Potions
 d - a potion of might
 f - a potion of heal wounds {unknown}
 g - a potion of cancellation {unknown}
 h - a potion of brilliance {unknown}
 j - 2 potions of mutation
 m - a potion of attraction {unknown}

Dungeon Overview and Level Annotations

Branches:
Dungeon (4/15)
 Temple: D:4-7

Altars:

Shops:
D:1 *


Message History

Found a stone staircase leading down.
The orc shouts!
The goblin shouts!
Enter note: The orc closely misses you.
You barely miss the orc.
You are no longer corroded.
The orc hits you but does no damage.
You slash the orc!
You kill the orc!
You closely miss the goblin. The goblin hits you but does no damage.
You hit the goblin.
You kill the goblin!
You swing at nothing.
You swing at nothing.
You swing at nothing.
You swing at nothing.
You swing at nothing.
You swing at nothing.
You swing at nothing.
You swing at nothing.
You swing at nothing.
You swing at nothing.
You swing at nothing.
You swing at nothing.
A necrophage comes into view.
Found 2 poisoned darts.
You barely miss the necrophage. The necrophage hits you.
You slash the necrophage!
The necrophage is moderately damaged.
The necrophage hits you but does no damage.
You barely miss the necrophage.
The necrophage is moderately damaged.
The necrophage barely misses you.
You barely miss the necrophage.
The necrophage is moderately damaged.
The necrophage hits you but does no damage.
The necrophage hits you.
You die...

....##.......#
.............
............#
.......?....###..
..............#..
#...............
#.....n..)......
#.....@.......#
#..........#.###
#..........#...#
...
#(.....$)....#
...
###...#.)###..#
... ......... ..+
... ####......#
.# ... #>.....# #
... ......... ...


You could see a necrophage.

Vanquished Creatures
  A scorpion (D:4)
  A jelly (D:4)
  Ijyb (D:3)
  Terence (D:2)
  An orc wizard (D:4)
  An adder (D:2)
  A shadow imp (D:3)
  A worm (D:2)
  A dart slug (D:1)
  8 orcs
  6 endoplasms
  2 giant cockroaches
  6 goblins
  4 hobgoblins
  4 jackals (D:2)
  3 quokkas
  10 ball pythons
  5 bats
  2 frilled lizards (D:3)
  7 kobolds
  12 rats
78 creatures vanquished.

Vanquished Creatures (others)
  2 fungi (D:1)
  6 plants (D:1)
8 creatures vanquished.

Grand Total: 86 creatures vanquished

Notes
Turn   | Place    | Note
-------+----------+-------------------------------------------
     0 | D:1      | qw the Gargoyle Fighter began the quest for the Orb.
     0 | D:1      | Reached XP level 1. HP: 14/14 MP: 1/1
     0 | D:1      | 0 ||| qw: Version: 0.2-a-12-gaebbb33
     0 | D:1      | 0 ||| qw: Game counter: 966
     0 | D:1      | 0 ||| qw: Always use a shield: true
     0 | D:1      | 0 ||| qw: God list: Okawaru
     0 | D:1      | 0 ||| qw: Allow faded altars: false
     0 | D:1      | 0 ||| qw: Do Orc after D:15 true
     0 | D:1      | 0 ||| qw: Do second Lair branch before Depths: true
     0 | D:1      | 0 ||| qw: Lair rune preference: random
     0 | D:1      | 0 ||| qw: Plans: Normal, Zot:1-4, God:TSO, Crypt, Tomb,
                  | Pan, Slime:5, Hells, Abyss, Orb
     0 | D:1      | 0 ||| PLANNING D:1-11
    52 | D:1      | Reached skill level 2 in Axes
    58 | D:1      | 58 ||| Stepping ~*~*~tactically~*~*~ (hiding).
    60 | D:1      | 60 ||| Stepping ~*~*~tactically~*~*~ (hiding).
   181 | D:1      | Reached XP level 2. HP: 19/19 MP: 2/2
   309 | D:1      | 309 ||| Stepping ~*~*~tactically~*~*~ (stealth).
   463 | D:1      | Found a faded altar of an unknown god.
   511 | D:1      | 511 ||| DROPPING +0 whip.
   694 | D:1      | Reached skill level 3 in Axes
   722 | D:1      | Found Qucrunak's Assorted Antiques.
   798 | D:1      | Reached XP level 3. HP: 22/23 MP: 3/3
   798 | D:1      | 798 ||| Stepping ~*~*~tactically~*~*~ (stealth).
   807 | D:1      | 807 ||| SHOPLISTING blue potion (23 gold, have 10).
   807 | D:1      | 807 ||| SHOPLISTING fuming coppery potion (23 gold, have
                  | 10).
   807 | D:1      | 807 ||| SHOPLISTING metallic cyan potion (23 gold, have
                  | 10).
   807 | D:1      | 807 ||| SHOPLISTING pearl dragon scales (2600 gold, have
                  | 10).
   807 | D:1      | 807 ||| SHOPLISTING scroll labelled KAYDUHA KUDI (26 gold,
                  | have 10).
  1073 | D:1      | 1073 ||| READING scroll labelled MUPSEGA JYDAS.
  1074 | D:1      | 1074 ||| READING scroll labelled XEIWIPASOPP.
  1106 | D:2      | 1106 ||| Stepping ~*~*~tactically~*~*~ (stealth).
  1372 | D:2      | Noticed Terence
  1382 | D:2      | Killed Terence
  1383 | D:2      | Reached XP level 4. HP: 11/28 MP: 4/4
  1681 | D:2      | Reached skill level 4 in Axes
  2241 | D:2      | 2241 ||| Stepping ~*~*~tactically~*~*~ (stealth).
  2296 | D:2      | 2296 ||| UPGRADING to +0 chain mail.
  2306 | D:2      | 2306 ||| DROPPING +0 scale mail.
  2307 | D:2      | 2307 ||| READING scroll labelled UTWOGH POBUN.
  2308 | D:2      | 2308 ||| DRINKING 2 metallic ruby potions.
  2309 | D:2      | 2309 ||| DRINKING 2 glowing emerald potions.
  2309 | D:2      | Gained mutation: You occasionally shout uncontrollably at
                  | your foes. [potion of mutation]
  2309 | D:2      | Gained mutation: You possess an exceptional clarity of
                  | mind. [potion of mutation]
  2310 | D:2      | 2310 ||| DROPPING potion of degeneration.
  2349 | D:3      | 2349 ||| STAIRDANCE
  2354 | D:3      | 2354 ||| STAIRDANCE
  2643 | D:3      | Noticed Ijyb
  2644 | D:3      | 2644 ||| Stepping ~*~*~tactically~*~*~ (stealth).
  2657 | D:3      | 2657 ||| Stepping ~*~*~tactically~*~*~ (hiding).
  2675 | D:3      | Killed Ijyb
  2676 | D:3      | Reached XP level 5. HP: 25/32 MP: 5/5
  2735 | D:3      | 2735 ||| Stepping ~*~*~tactically~*~*~ (stealth).
  2986 | D:3      | 2986 ||| Stepping ~*~*~tactically~*~*~ (hiding).
  3013 | D:3      | 3013 ||| FLEEEEING.
  3014 | D:3      | 3014 ||| FLEEEEING.
  3015 | D:3      | 3015 ||| FLEEEEING.
  3016 | D:3      | 3016 ||| FLEEEEING.
  3017 | D:3      | 3017 ||| FLEEEEING.
  3018 | D:3      | 3018 ||| FLEEEEING.
  3019 | D:3      | 3019 ||| FLEEEEING.
  3020 | D:3      | 3020 ||| FLEEEEING.
  3022 | D:3      | 3022 ||| FLEEEEING.
  3023 | D:3      | 3023 ||| FLEEEEING.
  3024 | D:3      | 3024 ||| FLEEEEING.
  3025 | D:3      | 3025 ||| FLEEEEING.
  3026 | D:3      | 3026 ||| FLEEEEING.
  3027 | D:3      | 3027 ||| FLEEEEING.
  3028 | D:3      | 3028 ||| FLEEEEING.
  3029 | D:3      | 3029 ||| FLEEEEING.
  3030 | D:3      | 3030 ||| FLEEEEING.
  3031 | D:3      | 3031 ||| FLEEEEING.
  3032 | D:3      | 3032 ||| FLEEEEING.
  3033 | D:3      | 3033 ||| FLEEEEING.
  3327 | D:3      | 3327 ||| UPGRADING to ring of protection from fire.
  3328 | D:3      | 3328 ||| READING 2 scrolls labelled HUCOEKHORU.
  3331 | D:3      | 3331 ||| READING scroll labelled XAKOGE DALO.
  3366 | D:4      | Reached skill level 5 in Axes
  3366 | D:4      | 3366 ||| STAIRDANCE
  3607 | D:4      | Reached XP level 6. HP: 14/38 MP: 6/6
  3608 | D:4      | 3608 ||| FLEEEEING.
  3610 | D:4      | HP: 8/38 [orc/+0 hand axe (2)]
  3611 | D:4      | 3611 ||| READING scroll of teleportation.
  3611 | D:4      | HP: 3/38 [something (1)]
  3635 | D:4      | HP: 2/38 [necrophage (3)]
  3638 | D:4      | Slain by a necrophage

Levels and vault maps discovered:
D:1:      saegor_arrival_under_anarchy, layout_loops_ring, serial_shops, shop,
          shapermc_ecumenical_altar_mp_ritualfount
D:2:      layout_basic, corexii_leaking_fountain, uniq_terence
D:3:      layout_basic, chequers_serial_rivers_micro_c, uniq_ijyb
D:4:      layout_rooms, mainiacjoe_overflow_divided_tiny

Skill      XL: |  1  2  3  4  5  6 |
---------------+-------------------+-----
Axes           | 2 3 4 5 |  5.3
Fighting       | 4 |  4.2
Armour         | |  3.2
Shields        | |  3.2

Action                   |  1- 3 |  4- 6 || total
-------------------------+-------+-------++-------
Melee: War axe           |    86 |   112 ||   198
Throw: Boomerang         |       |     8 ||     8
  Use: Scroll            |     2 |     4 ||     6
       Potion            |       |     2 ||     2
Armor: Scale mail        |    41 |     4 ||    45
       Chain mail        |       |    54 ||    54
Dodge: Dodged            |    21 |    39 ||    60
Block: Buckler           |    22 |    19 ||    41

Table legend:
 A = Non-vault XP
 B = Vault XP
 C = Vault XP percentage of total XP
 D = Non-vault monster count
 E = Vault monster count
 F = Vault count percentage of total count
                 A         B        C        D         E       F
            +---------+---------+-------+---------+---------+-------
      Total |     312 |      72 |  18.8 |      76 |       2 |   2.6
            +---------+---------+-------+---------+---------+-------
        D:1 |      39 |       0 |   0.0 |      24 |       0 |   0.0
        D:2 |      50 |      36 |  41.9 |      22 |       1 |   4.3
        D:3 |      44 |      36 |  45.0 |      19 |       1 |   5.0
        D:4 |     179 |       0 |   0.0 |      11 |       0 |   0.0
            +---------+---------+-------+---------+---------+-------
